AoeStats
← Lord_Wilfredo

MegaRandom

508341798Analyzed
4v4 RM · 11d ago on Sep 22, 2026· 20m 46s· 8 players
Game mode
Random Map
Map size
Large (8 player)
Population
200
Speed
Normal
Resources
Standard
Victory
Conquest
Starting age
Dark Age
Ending age
Imperial Age
RankedLock teamsTeams togetherTeam positionsShared explorationLock speedFull tech treeHidden civsTurbo modeCheats
Victory
Defeat
🇦🇷 Mongols · Argentina
1370
+13
🇺🇸 Goths · United States
1339
+14
🇨🇱 Maya · Chile
1336
+14
🇨🇳 Magyars · China
1290
+16
🇨🇴 Wu · Colombia
1325
-15
🇺🇸 Malians · United States
1323
-15
🇹🇷 Spanish · Türkiye
1291
-14
🇧🇴 Saracens · Bolivia
1262
-13
Chesnut
0:30 Loom
11:32 Feudal Age
11:34 Man-at-Arms
13:15 Double-Bit Axe
15:34 Horse Collar
19:42 Wheelbarrow
··gatoroñoso··
0:28 Loom
9:54 Feudal Age
11:43 Double-Bit Axe
18:02 Fletching
23:22 Castle Age
Lord_Wilfredo
5:47 Loom
8:24 Feudal Age
8:55 Double-Bit Axe
15:37 Wheelbarrow
16:46 Bloodlines
17:19 Scale Barding Armor
20:27 Castle Age
19:17 Forging
21:28 Bow Saw
人在江湖
1:18 Loom
10:00 Feudal Age
13:06 Bloodlines
18:02 Scale Barding Armor
21:17 Castle Age
20:01 Horse Collar
20:08 Double-Bit Axe
[SICK] NAUTIKOS
3:37 Loom
9:46 Feudal Age
16:55 Fletching
federx
1:22 Loom
12:14 Feudal Age
[SICK] WhiteSun
1:59 Loom
9:32 Feudal Age
10:12 Double-Bit Axe
9:59 Man-at-Arms
17:34 Fletching
20:42 Forging
20:51 Padded Archer Armor
El Sobeks
7:26 Loom
9:48 Feudal Age
10:21 Double-Bit Axe
21:29 Castle Age
20:32 Horse Collar
Connection lost

Rejoining the realm…

Still unreachable

The connection could not be restored.

Session expired

The server has moved on; the page needs a fresh start.